 Dungeon Crawl Stone Soup version 0.23-a0-395-gcf17ac6c65 (webtiles) character file.

138263 Notair the Executioner (level 16, -8/161 HPs)
             Began as a Minotaur Gladiator on Nov 2, 2018.
             Was the Champion of Okawaru.
             Mangled by a jumping spider (19 damage)
             ... on level 2 of the Spider Nest.
             The game lasted 01:35:05 (33257 turns).

Notair the Executioner (Minotaur Gladiator)        Turns: 33257, Time: 01:35:06

Health: -8/161     AC: -4    Str: 30    XL:     16   Next: 70%
Magic:  19/19      EV: 16    Int:  5    God:    Okawaru [******]
Gold:   2324       SH:  0    Dex: 20    Spells: 15/15 levels left

rFire    . . .     SeeInvis .   U - +4 battleaxe (protect)
rCold    + . .     Gourm    .   (shield currently unavailable)
rNeg     + . .     Faith    .   T - +1 storm dragon scales
rPois    +         Spirit   .   c - +2 hat {MR+}
rElec    +         Reflect  .   S - +0 cloak {rPois}
rCorr    .         Harm     .   y - +1 pair of gloves "Kolood" {*Drain rN+ Regen+ Dex+7}
MR       +++..                  v - +2 pair of boots of the Several Nights {rC+}
Stlth    ..........             (no amulet)
HPRegen  0.76/turn              a - +5 ring of strength
MPRegen  0.16/turn              r - ring of protection from magic

@: lethally poisoned (-8 -> -9), corroded, very slightly contaminated
A: retaliatory headbutt, horns 2
a: Heroism, Finesse, Renounce Religion


You were on level 2 of the Spider Nest.
You worshipped Okawaru.
Okawaru was exalted by your worship.
You were not hungry.

You visited 5 branches of the dungeon, and saw 27 of its levels.

You collected 2324 gold pieces.

Inventory:

Hand Weapons
 b - a +0 whip of electrocution
 d - a +0 arbalest
 U - a +4 battleaxe of protection (weapon)
 V - a +0 executioner's axe of venom
Missiles
 g - 46 bolts
 E - a throwing net (quivered)
 P - 6 curare-tipped needles
Armour
 c - a +2 hat of magic resistance (worn)
 v - the +2 pair of boots of the Several Nights (worn) {rC+}
   (Okawaru gifted it to you on level 2 of the Spider Nest)

   It protects you from cold.
 y - the +1 pair of gloves "Kolood" (worn) {*Drain rN+ Regen+ Dex+7}
   (Okawaru gifted it to you on level 6 of the Lair of Beasts)

   It affects your dexterity (+7).
   It protects you from negative energy.
   It increases your rate of regeneration.
   It causes draining when unequipped.
 S - a +0 cloak of poison resistance (worn)
 T - +1 storm dragon scales (worn)
 W - a +3 plate armour of fire resistance
Jewellery
 a - a +5 ring of strength (left hand)
 i - an uncursed ring of flight
 p - the ring of Lady Luck {Ice Str+6}
   (You found it on level 3 of the Lair of Beasts)

   [ring of ice]

   It enhances your ice magic.
   It affects your strength (+6).
   It makes you vulnerable to fire.
   It protects you from cold.
 r - a ring of protection from magic (right hand)
 Y - an uncursed ring of fire
Wands
 e - a wand of flame (74)
 k - a wand of polymorph (6)
 l - a wand of scattershot (7)
 u - a wand of digging (11)
 B - a wand of clouds (11)
 D - a wand of acid (4)
 G - a wand of iceblast (40)
 J - a wand of disintegration (17)
Scrolls
 h - 4 scrolls of identify
 j - 4 scrolls of enchant armour
 o - 13 scrolls of remove curse
 s - 3 scrolls of magic mapping
 t - 4 scrolls of fog
 F - 2 scrolls of blinking
 L - 10 scrolls of teleportation
 N - 2 scrolls of enchant weapon
 O - 3 scrolls of fear
 R - a scroll of holy word
 X - a scroll of silence
Potions
 m - 10 potions of heal wounds
 n - a potion of cancellation
 q - 4 potions of berserk rage
 w - 6 potions of curing
 x - 3 potions of haste
 z - a potion of resistance
 A - 5 potions of might
 C - 2 potions of invisibility
 H - 3 potions of flight
 I - 2 potions of mutation
 K - a potion of lignification
 Z - 4 potions of agility
Miscellaneous
 M - a fan of gales
Comestibles
 f - 32 rations


   Skills:
 + Level 19.5 Fighting
 + Level 21.5 Axes
 - Level 2.0 Throwing
 + Level 14.1 Armour
 + Level 9.9 Dodging
 - Level 6.0 Invocations


You had 15 spell levels left.
You didn't know any spells.
Your spell library contained the following spells:

 Spells                   Type           Power        Failure   Level  Hunger
 Beastly Appendage        Tmut           #.....       87%         1    ##.....
 Confusing Touch          Hex            #.....       87%         1    ##.....
 Corona                   Hex            #......      87%         1    ##.....
 Magic Dart               Conj           #...         87%         1    ##.....
 Sandblast                Erth           #.....       87%         1    ##.....
 Sting                    Conj/Pois      #...         87%         1    ##.....
 Summon Butterflies       Summ           #.......     87%         1    ##.....
 Summon Small Mammal      Summ           #...         87%         1    ##.....
 Blink                    Tloc           N/A          95%         2    ###....
 Call Imp                 Summ           #.......     95%         2    ###....
 Ensorcelled Hibernation  Hex/Ice        #.....       95%         2    ###....
 Passwall                 Tmut/Erth      #.......     95%         2    ###....
 Poisonous Vapours        Pois/Air       #.....       95%         2    ###....
 Searing Ray              Conj           #.....       95%         2    ###....
 Slow                     Hex            #.......     95%         2    ###....
 Sticks to Snakes         Tmut           #.......     95%         2    ###....
 Call Canine Familiar     Summ           #.......     99%         3    ####...
 Confuse                  Hex            #.......     99%         3    ####...
 Conjure Flame            Conj/Fire      #.......     99%         3    ####...
 Dazzling Spray           Conj/Hex       #.....       99%         3    ####...
 Gell's Gravitas          Tloc           #.........   99%         3    ####...
 Mephitic Cloud           Conj/Pois/Air  #.......     99%         3    ####...
 Spider Form              Tmut/Pois      #.........   99%         3    ####...
 Stone Arrow              Conj/Erth      #.....       99%         3    ####...
 Summon Guardian Golem    Hex/Summ       #.......     99%         3    ####...
 Tukima's Dance           Hex            #.......     99%         3    ####...
 Force Lance              Conj/Tloc      #.......     100%        4    #####..
 Fulminant Prism          Conj/Hex       #.........   100%        4    #####..
 Ice Form                 Ice/Tmut       #.......     100%        4    #####..
 Iskenderun's Mystic Bla  Conj           #.......     100%        4    #####..
 Olgreb's Toxic Radiance  Pois           #.......     100%        4    #####..
 Petrify                  Tmut/Erth      #.......     100%        4    #####..
 Summon Ice Beast         Ice/Summ       #.......     100%        4    #####..
 Summon Lightning Spire   Summ/Air       #.......     100%        4    #####..
 Blade Hands              Tmut           #.........   100%        5    ######.
 Bolt of Magma            Conj/Fire/Erth #.........   100%        5    ######.
 Metabolic Englaciation   Hex/Ice        #.........   100%        5    ######.
 Summon Mana Viper        Hex/Summ       #.......     100%        5    ######.
 Venom Bolt               Conj/Pois      #.........   100%        5    ######.
 Yara's Violent Unravell  Hex/Tmut       #.........   100%        5    ######.
 Statue Form              Tmut/Erth      #........    100%        6    #######
 Summon Hydra             Summ           #.........   100%        7    #######


Dungeon Overview and Level Annotations

Branches:
Dungeon (15/15)            Temple (1/1) D:6            Lair (6/6) D:11
 Shoals (0/4) Lair:2       Spider (3/4) Lair:2        Slime (0/5) Lair:5
    Orc (2/2) D:12            Elf (0/3) Orc:2        Vaults (0/5) D:13
 Depths (0/5) D:15

Altars:
Dithmenos
Gozag
Kikubaaqudgha
Makhleb
Nemelex Xobeh
Okawaru
Qazlal
Ru
Sif Muna
Trog
Uskayaw
Vehumet
Wu Jian
Xom
Yredelemnul
The Shining One
Beogh

Shops:
D:4 =   D:13 *   Orc:1 }   Orc:2 *[:(

Annotations:
Spider:3 Asterion


Innate Abilities, Weirdness & Mutations

You reflexively headbutt those who attack you in melee.
You have a pair of horns on your head.


Message History

You feel sick.
The entropy weaver mumbles some strange words.
The entropic weave corrodes you!
You feel sick.
The entropy weaver mumbles some strange words.
The entropic weave corrodes you!
You feel sick.
You feel sick.
You feel sick.
You feel sick.
You feel sick.
Things that are here:
a +1 pair of boots; a scroll of random uselessness; an uncursed staff of poison You feel sick.
The entropy weaver mumbles some strange words.
The entropic weave corrodes you!
You feel sick.
You feel sick.
You feel sick.
The jumping spider leaps!
The jumping spider pounces on you!!
You die...

..#.#..#.####.....##.######......
....#####.####..####.# #......
....# ##.##........## ##.....
..#.#######...........### ##.#...
..##.....##.............###.###..
..##....###..................####
..###)..#..........^######.#...##
#####...##.......s.####.#.......#
#...###......@...##...........
#.(.# #......#.s.[............
##..####..^.####.......##......
###...# #....## #.......##......
...#.####....# ##.......##.....a
#####...#....#
##......ยง.##.....s ##..<....##
#..........a...s.. ##........#
##........##.......
##.......#.###...|.....#.......#


You could see a jumping spider and a redback.

Vanquished Creatures
  Arachne (Spider:2)
  Roxanne (Spider:2)
  2 ghost moths (Spider:2)
  An orc warlord (Orc:2)
  3 emperor scorpions
  An entropy weaver (Spider:2)
  Nessos (D:15)
  The ghost of boarsaur the Severer, a journeyman GrBe of Trog (D:12)
  Josephine (D:10)
  A yaktaur captain (D:11)
  6 hydras
  A vault guard (D:13)
  5 catoblepae
  3 centaur warriors
  13 two-headed ogres
  A death knight (D:13)
  A tengu warrior (D:14)
  An ogre mage (D:15)
  8 death yaks (Lair:6)
  3 orc high priests (Orc:2)
  The ghost of Tehehocs the Cleaver, a novice DDFi of Makhleb (Orc:1)
  A spark wasp zombie (D:15)
  A fire crab (D:13)
  A lindwurm (Lair:3)
  A flayed ghost (D:11)
  2 skeletal warriors (D:15)
  A wizard (D:11)
  A phantasmal warrior (D:15)
  A sphinx zombie (D:15)
  12 orb spiders
  4 orc knights (Orc:2)
  A necromancer (D:15)
  A deep elf mage (D:13)
  12 wolf spiders
  5 ugly things
  5 orc sorcerers
  4 manticores
  3 cyclopes
  A stone giant zombie (D:15)
  5 black mambas
  An elephant (shapeshifter) (D:11)
  4 centaur zombies
  21 elephants
  Maurice (D:10)
  Joseph (D:8)
  A torpor snail (Spider:2)
  Psyche (D:10)
  3 gargoyles
  7 spiny frogs
  5 komodo dragons
  A spriggan zombie (D:15)
  An efreet (D:15)
  2 rime drakes
  A tengu conjurer (D:14)
  4 demonic crawlers
  A polar bear (shapeshifter) (D:13)
  3 meliai (D:14)
  3 polar bears
  9 trolls
  24 jumping spiders
  Prince Ribbit (D:8)
  6 hornets
  A harpy skeleton (D:15)
  11 slime creatures
  20 blink frogs
  5 dream sheep (Lair:3)
  10 hippogriffs
  A spriggan (D:8)
  5 shadows
  35 redbacks
  59 yaks
  6 wraiths
  4 wyverns
  A vampire (D:13)
  4 basilisks
  12 tarantellas
  Grum (D:10)
  A steam dragon (D:11)
  4 vampire mosquitoes
  2 wargs
  An acid dragon (D:15)
  10 water moccasins
  9 porcupines
  A meliai simulacrum (D:15)
  2 black bears
  4 sky beasts
  5 eyes of draining
  28 orc warriors
  5 ice beasts
  3 phantoms
  14 ogres
  12 centaurs
  10 wolves
  10 crocodiles
  2 big kobolds
  16 bullfrogs
  4 scorpions
  4 killer bees (D:12)
  A hornet simulacrum (D:15)
  8 wights
  2 electric eels
  4 howler monkeys
  7 crimson imps
  2 jellies
  23 orc priests
  5 hounds
  2 bullfrog skeletons
  3 centaur skeletons
  5 iguanas
  7 worker ants
  28 orc wizards
  2 centaur simulacra
  2 hound skeletons
  4 gnolls (D:6)
  15 adders
  4 shadow imps
  2 oozes
  2 adder skeletons
  3 worms
  3 dart slugs
  4 leopard geckos
  78 orcs
  8 giant cockroaches
  12 goblins
  9 hobgoblins
  10 jackals
  6 quokkas
  A ball python (D:5)
  7 bats
  4 frilled lizards
  19 kobolds
  A quokka zombie (D:8)
  6 rats
  6 bushes (Lair:2)
  3 fungi
  4 plants
853 creatures vanquished.

Vanquished Creatures (others)
  An unseen horror (D:10)
  A cyclops (D:11)
  2 fungi
  13 plants
  9 toadstools (Lair:3)
  2 withered plants (D:15)
28 creatures vanquished.

Grand Total: 881 creatures vanquished

Notes
Turn   | Place    | Note
-------+----------+-------------------------------------------
     0 | D:1      | Notair the Minotaur Gladiator began the quest for the Orb.
     0 | D:1      | Reached XP level 1. HP: 18/18 MP: 0/0
   115 | D:1      | Reached skill level 4 in Axes
   146 | D:1      | Reached XP level 2. HP: 19/25 MP: 1/1
   687 | D:1      | Reached XP level 3. HP: 31/31 MP: 2/2
  1052 | D:2      | Reached skill level 1 in Armour
  1128 | D:2      | Reached XP level 4. HP: 40/40 MP: 3/3
  1150 | D:2      | Found a shadowy altar of Dithmenos.
  1681 | D:3      | Reached XP level 5. HP: 43/47 MP: 4/4
  2080 | D:3      | Reached skill level 5 in Fighting
  2468 | D:4      | Reached skill level 5 in Axes
  2468 | D:4      | Reached XP level 6. HP: 49/56 MP: 5/5
  2563 | D:4      | Reached skill level 6 in Axes
  2779 | D:4      | Found Ycvepsoonk's Jewellery Shoppe.
  2966 | D:5      | Entered Level 5 of the Dungeon
  3053 | D:5      | Reached XP level 7. HP: 54/63 MP: 6/6
  3275 | D:5      | Reached skill level 7 in Axes
  4227 | D:6      | Reached skill level 8 in Axes
  4302 | D:6      | Found a shimmering altar of Xom.
  4302 | D:6      | Found a shimmering altar of Xom.
  4303 | D:6      | Found a shimmering altar of Xom.
  4303 | D:6      | Found a shimmering altar of Xom.
  4321 | D:6      | Reached XP level 8. HP: 66/73 MP: 7/7
  4328 | D:6      | Found a radiant altar of Vehumet.
  4377 | D:6      | Found a staircase to the Ecumenical Temple.
  4386 | Temple   | Entered the Ecumenical Temple
  4425 | Temple   | Became a worshipper of Warmaster Okawaru
  4481 | D:6      | Found an ornate altar of the Wu Jian Council.
  4494 | D:6      | Reached skill level 9 in Axes
  4598 | D:6      | Found a shimmering altar of Xom.
  4602 | D:6      | Found a shimmering altar of Xom.
  4603 | D:6      | Found a shimmering altar of Xom.
  4603 | D:6      | Found a shimmering altar of Xom.
  4603 | D:6      | Found a shimmering altar of Xom.
  5094 | D:7      | Found a hide-covered altar of Uskayaw.
  5129 | D:7      | Reached skill level 10 in Axes
  5313 | D:7      | Reached * piety under Okawaru
  5810 | D:7      | Reached XP level 9. HP: 80/82 MP: 8/8
  5874 | D:7      | Reached skill level 11 in Axes
  6179 | D:8      | Noticed Prince Ribbit
  6189 | D:8      | Killed Prince Ribbit
  6189 | D:8      | Reached ** piety under Okawaru
  6466 | D:8      | Noticed Joseph
  6482 | D:8      | Killed Joseph
  6482 | D:8      | Reached skill level 12 in Axes
  6770 | D:8      | Noticed a two-headed ogre
  6787 | D:8      | Killed a two-headed ogre
  6787 | D:8      | Reached *** piety under Okawaru
  6787 | D:8      | Received a gift from Okawaru
  6787 | D:8      | Reached skill level 10 in Fighting
  6787 | D:8      | Reached skill level 13 in Axes
  7063 | D:8      | Identified the +4 chain mail "Ywicoun" {rF+ Dex+2} (You
                  | found it on level 8 of the Dungeon)
  7128 | D:8      | Reached XP level 10. HP: 79/94 MP: 9/9
  8061 | D:9      | Noticed a two-headed ogre
  8093 | D:9      | Killed a two-headed ogre
  8103 | D:9      | Noticed a two-headed ogre
  8111 | D:9      | Killed a two-headed ogre
  8111 | D:9      | Reached skill level 14 in Axes
  8441 | D:9      | Found a burning altar of Makhleb.
  8536 | D:9      | Found a sparkling altar of Nemelex Xobeh.
  8586 | D:10     | Entered Level 10 of the Dungeon
  8616 | D:10     | Noticed Josephine
  8638 | D:10     | Killed Josephine
  8638 | D:10     | Reached **** piety under Okawaru
  8656 | D:10     | Reached skill level 15 in Axes
  8873 | D:10     | Noticed Maurice
  8879 | D:10     | Killed Maurice
  8924 | D:10     | Killed an unseen horror
  8924 | D:10     | Reached XP level 11. HP: 60/104 MP: 10/10
  9227 | D:10     | Reached ***** piety under Okawaru
  9531 | D:10     | Noticed Psyche
  9547 | D:10     | Killed Psyche
  9661 | D:10     | Noticed Grum
  9679 | D:10     | Killed Grum
  9703 | D:10     | Reached skill level 16 in Axes
 10455 | D:11     | Noticed a purple ugly thing
 10464 | D:11     | Killed a purple ugly thing
 10591 | D:11     | Noticed a two-headed ogre
 10617 | D:11     | Killed a two-headed ogre
 10739 | D:11     | Noticed a green ugly thing
 10742 | D:11     | Noticed a purple ugly thing
 10774 | D:11     | Killed a green ugly thing
 10788 | D:11     | Killed a green ugly thing
 10804 | D:11     | Noticed a wizard
 10809 | D:11     | Paralysed by a wizard for 7 turns
 10820 | D:11     | Killed a wizard
 10820 | D:11     | Received a gift from Okawaru
 10820 | D:11     | Reached skill level 17 in Axes
 10822 | D:11     | Noticed a two-headed ogre
 10823 | D:11     | Identified the +1 plate armour of Cymutat {rN+ MP+9}
                  | (Okawaru gifted it to you on level 11 of the Dungeon)
 10830 | D:11     | Killed a two-headed ogre
 11247 | D:11     | Noticed an orc sorcerer
 11272 | D:11     | Killed an orc sorcerer
 11331 | D:11     | Noticed a flayed ghost
 11339 | D:11     | Killed a flayed ghost
 11339 | D:11     | Reached XP level 12. HP: 106/115 MP: 11/11
 11415 | D:11     | Reached ****** piety under Okawaru
 11667 | D:11     | Found a staircase to the Lair.
 11984 | D:11     | Noticed a seven-headed hydra
 11993 | D:11     | Killed a seven-headed hydra
 11993 | D:11     | Reached skill level 18 in Axes
 12038 | D:11     | Noticed a yaktaur captain
 12054 | D:11     | Killed a yaktaur captain
 12646 | D:12     | Noticed a two-headed ogre
 12652 | D:12     | Killed a two-headed ogre
 12668 | D:12     | Received a gift from Okawaru
 12901 | D:12     | Noticed a two-headed ogre
 12908 | D:12     | Killed a two-headed ogre
 13945 | D:12     | Found a runed gate.
 13945 | D:12     | Found a runed gate.
 13946 | D:12     | Found a runed gate.
 13953 | D:12     | Noticed an 11-headed hydra
 13954 | D:12     | Noticed boarsaur's ghost (journeyman GrBe)
 13954 | D:12     | Noticed a nine-headed hydra
 14174 | D:12     | Found a staircase to the Orcish Mines.
 14438 | D:12     | Reached skill level 19 in Axes
 14780 | D:13     | Noticed a centaur warrior
 14793 | D:13     | Killed a centaur warrior
 15280 | D:13     | Found Iruhosed's General Store.
 15314 | D:13     | Noticed a four-headed hydra
 15343 | D:13     | Killed a four-headed hydra
 15343 | D:13     | Reached skill level 15 in Fighting
 15343 | D:13     | Reached XP level 13. HP: 99/126 MP: 12/12
 15785 | D:13     | Found a gate to the Vaults.
 17098 | D:13     | Received a gift from Okawaru
 17787 | D:13     | Reached skill level 20 in Axes
 18185 | D:14     | Reached skill level 1 in Invocations
 18335 | D:14     | Reached skill level 5 in Armour
 18948 | D:15     | Entered Level 15 of the Dungeon
 19019 | D:14     | Identified 2 scrolls of acquirement
 19853 | D:15     | Noticed Nessos
 19870 | D:15     | Killed Nessos
 20142 | D:15     | Received a gift from Okawaru
 20351 | D:15     | Found a staircase to the Depths.
 20764 | D:15     | Reached XP level 14. HP: 118/138 MP: 16/16
 21393 | Lair:1   | Entered Level 1 of the Lair of Beasts
 22244 | Lair:2   | Found a hole to the Spider Nest.
 22542 | Lair:2   | Found a staircase to the Shoals.
 23325 | Lair:3   | Found a runed door.
 23355 | Lair:3   | Reached skill level 5 in Invocations
 23373 | Lair:3   | Reached skill level 10 in Armour
 23384 | Lair:3   | Got a coiled brass ring
 23386 | Lair:3   | Got a steaming copper ring
 23394 | Lair:3   | Identified the ring of Lady Luck {Ice Str+6} (You found it
                  | on level 3 of the Lair of Beasts)
 23396 | Lair:3   | Identified the cursed ring of the Real Monster {AC-3 Int+5}
                  | (You found it on level 3 of the Lair of Beasts)
 23810 | Lair:4   | Received a gift from Okawaru
 25794 | Lair:5   | Found a staircase to the Slime Pits.
 25903 | Lair:5   | Reached XP level 15. HP: 149/149 MP: 18/18
 26436 | Lair:6   | Entered Level 6 of the Lair of Beasts
 26619 | Lair:6   | Received a gift from Okawaru
 26619 | Lair:6   | Reached skill level 5 in Dodging
 26639 | Lair:6   | Got a pair of blackened gloves {god gift}
 26756 | Lair:6   | Identified the +1 pair of gloves "Kolood" {*Drain rN+
                  | Regen+ Dex+7} (Okawaru gifted it to you on level 6 of the
                  | Lair of Beasts)
 28046 | Orc:1    | Entered Level 1 of the Orcish Mines
 28046 | Orc:1    | Found a roughly hewn altar of Beogh.
 28134 | Orc:2    | Entered Level 2 of the Orcish Mines
 28172 | Orc:2    | Found a staircase to the Elven Halls.
 28291 | Orc:1    | Found Cuxuroh's Gadget Emporium.
 28380 | Orc:1    | Found a transporter.
 28381 | Orc:1    | Noticed Tehehocs's ghost (novice DDFi)
 28397 | Orc:1    | Found a transporter.
 28503 | Orc:1    | Killed Tehehocs's ghost
 28612 | Orc:2    | Found a roughly hewn altar of Beogh.
 28613 | Orc:2    | Noticed an orc warlord
 28614 | Orc:2    | Received a gift from Okawaru
 28754 | Orc:2    | Killed an orc warlord
 28877 | Orc:2    | Found Meilu's General Store.
 28963 | Orc:2    | Found Kumer's Book Emporium.
 29400 | Orc:2    | Found Leykeligh's Antique Weapon Emporium.
 29415 | Orc:2    | Found Zarixzi's Antique Armour Emporium.
 29775 | D:12     | Killed boarsaur's ghost
 29937 | Spider:1 | Entered Level 1 of the Spider Nest
 30224 | Spider:1 | Received a gift from Okawaru
 30236 | Spider:1 | Reached XP level 16. HP: 126/159 MP: 19/19
 30281 | Spider:1 | Reached skill level 21 in Axes
 30408 | Spider:1 | Received a gift from Okawaru
 32033 | Spider:2 | Noticed Arachne
 32085 | Spider:2 | Killed Arachne
 32085 | Spider:2 | Received a gift from Okawaru
 32089 | Spider:2 | Got a pair of faintly glowing boots {god gift}
 32091 | Spider:2 | Identified the +2 pair of boots of the Several Nights {rC+}
                  | (Okawaru gifted it to you on level 2 of the Spider Nest)
 32406 | Spider:2 | Identified Roxanne's Reference Book on Clay
 32406 | Spider:2 | Noticed Roxanne
 32431 | Spider:2 | Killed Roxanne
 33229 | Spider:3 | Noticed Asterion
 33257 | Spider:2 | Mangled by a jumping spider

Vault maps used:
D:1:      minmay_arrival_cross, due_unseen_surprise
D:2:      nicolae_dithmenos_through_a_glass_darkly
D:3:      first_ration
D:4:      serial_shops, shop
D:5:      st_stairs_14, small_statue_intersection, minmay_tree_intersection
D:6:      lemuel_round_altar, xom_redecorated, kennysheep_mini_moat,
          minmay_temple_entry_butterflies
D:7:      eat_drink_and_be_merry_uskayaw
D:8:      the_bakery, minivault_5, fungi_pond_lemuel,
          chequers_serial_rivers_small_a, nicolae_wwwww, uniq_joseph,
          uniq_prince_ribbit1
D:9:      nemelex_altar_shiori, bloody_makhleb, minivault_24
D:10:     uniq_psyche, uniq_maurice, uniq_josephine, uniq_grum
D:11:     minmay_chopped_fan, erik_lair_dragon
D:12:     david_orc_4, gammafunk_ghost_hydra_chop
D:13:     david_vaults_5, serial_shops, kennysheep_little_box,
          grunt_decor_fettered, grunt_tough_drop
D:14:     hangedman_decor_diamond_cutter, lemuel_nasty_fountain
D:15:     gammafunk_depths_entry_grave, serial_ice, serial_ice_n, serial_ice_l,
          serial_ice_d, serial_ice_h, uniq_nessos
Temple:   nicolae_temple_elliptical
Lair:1:   lemuel_fruit_tree, grunt_megastairs_2
Lair:2:   minmay_shoals_entry_beasts, spider_nest_entry_rubble,
          minmay_hedge_maze
Lair:3:   gammafunk_lair_enchanted_lake, serial_bayou_shore_a
Lair:4:   lemuel_fruit_fields
Lair:5:   minmay_slime_entry_pillars, kennysheep_catoblepas_arena
Lair:6:   evilmike_catoblepas_cave, grunt_megastairs_1, serial_bayou_shore_b
Spider:1: spider_trap
Spider:2: uniq_arachne, uniq_roxanne
Spider:3: lemuel_spider_zombies, uniq_asterion
Orc:1:    basic_altar, serial_shops, shop, gammafunk_ghost_smash, mines4_lemuel
Orc:2:    grunt_orc_cross

Skill      XL: |  1  2  3  4  5  6  7  8  9 10 11 12 13 14 15 16 |
---------------+-------------------------------------------------+-----
Axes           | 4 5 6 8 10 13 15 17 19 20 21 | 21.5
Fighting       | 3 4 5 6 7 8 10 12 13 15 16 17 18 19 | 19.5
Armour         | 1 2 3 8 11 12 14 | 14.1
Invocations    | 4 6 |  6.0
Dodging        | 4 8 9 |  9.9
Throwing       | |  2.0

Action                   |  1- 3 |  4- 6 |  7- 9 | 10-12 | 13-15 | 16-18 || total
-------------------------+-------+-------+-------+-------+-------+-------++-------
Melee: War axe           |    44 |       |     5 |       |       |       ||    49
       Headbutt          |     5 |    28 |    43 |   229 |   343 |    88 ||   736
       Dagger            |    18 |   152 |   151 |       |       |       ||   321
       Whip              |       |       |    68 |   813 |   192 |       ||  1073
       Punch             |       |       |       |     4 |     2 |       ||     6
       Battleaxe         |       |       |       |       |   944 |   268 ||  1212
 Fire: Hunting sling     |       |       |    12 |       |       |       ||    12
       Arbalest          |       |       |       |       |     2 |    38 ||    40
Throw: Throwing net      |       |       |     2 |     7 |       |       ||     9
Invok: Heroism           |       |       |       |    10 |    17 |     4 ||    31
       Finesse           |       |       |       |       |     2 |       ||     2
Evoke: Wand              |       |       |       |     7 |       |       ||     7
  Use: Scroll            |       |       |    14 |     4 |    21 |     4 ||    43
       Potion            |       |       |       |     1 |     3 |       ||     4
 Stab: Held in net/web   |       |       |       |     4 |       |       ||     4
       Confused          |       |       |       |       |     1 |       ||     1
  Eat: Chunk             |       |     3 |     9 |    23 |    32 |     2 ||    69
       Ration            |       |     1 |     1 |     1 |     5 |     2 ||    10
Armor: Leather armour    |     4 |       |       |       |       |       ||     4
       Scale mail        |    21 |    49 |    75 |       |       |       ||   145
       Chain mail        |       |       |       |   239 |       |       ||   239
       Storm dragon scal |       |       |       |    91 |   618 |   217 ||   926
Dodge: Dodged            |    39 |    95 |   115 |   193 |   494 |   253 ||  1189

Table legend:
 A = Non-vault XP
 B = Vault XP
 C = Vault XP percentage of total XP
 D = Non-vault monster count
 E = Vault monster count
 F = Vault count percentage of total count
                 A         B        C        D         E       F
            +---------+---------+-------+---------+---------+-------
      Total |  134174 |   63345 |  32.1 |     690 |     152 |  18.1
            +---------+---------+-------+---------+---------+-------
        D:1 |      44 |       0 |   0.0 |      21 |       0 |   0.0
        D:2 |      92 |       0 |   0.0 |      25 |       0 |   0.0
        D:3 |     163 |       0 |   0.0 |      31 |       0 |   0.0
        D:4 |     407 |       0 |   0.0 |      25 |       0 |   0.0
        D:5 |     220 |       0 |   0.0 |      12 |       0 |   0.0
        D:6 |    1131 |       0 |   0.0 |      29 |       0 |   0.0
        D:7 |     886 |       0 |   0.0 |      20 |       0 |   0.0
        D:8 |    1786 |     962 |  35.0 |      15 |       3 |  16.7
        D:9 |    2659 |       0 |   0.0 |      12 |       0 |   0.0
       D:10 |    2625 |    3366 |  56.2 |      20 |      11 |  35.5
       D:11 |    7803 |    6088 |  43.8 |      55 |      18 |  24.7
       D:12 |    4816 |    3797 |  44.1 |      23 |      17 |  42.5
       D:13 |    7241 |    4973 |  40.7 |      26 |       9 |  25.7
       D:14 |    6330 |       0 |   0.0 |      31 |       0 |   0.0
       D:15 |    7894 |    7032 |  47.1 |      29 |      14 |  32.6
     Lair:1 |     496 |      81 |  14.0 |       3 |       1 |  25.0
     Lair:2 |    5002 |     980 |  16.4 |      22 |       3 |  12.0
     Lair:3 |    9027 |    3647 |  28.8 |      32 |       7 |  17.9
     Lair:4 |    9757 |       0 |   0.0 |      33 |       0 |   0.0
     Lair:5 |    6985 |     822 |  10.5 |      33 |       4 |  10.8
     Lair:6 |    8772 |   13622 |  60.8 |      25 |      25 |  50.0
   Spider:1 |   14284 |       0 |   0.0 |      41 |       0 |   0.0
   Spider:2 |   24367 |    5442 |  18.3 |      56 |       2 |   3.4
   Spider:3 |    5622 |       0 |   0.0 |      13 |       0 |   0.0
      Orc:1 |    1682 |    4896 |  74.4 |      24 |       8 |  25.0
      Orc:2 |    4083 |    7637 |  65.2 |      34 |      30 |  46.9
            +---------+---------+-------+---------+---------+-------
